 Dungeon Crawl Stone Soup version 0.20-a0-556-g892c87b (webtiles) character file.

495288 Millea the Tortoise (level 24, 0/146 HPs)
             Began as a Gargoyle Fighter on Feb 7, 2017.
             Was a High Priest of Cheibriados.
             Killed by divine providence
             ... invoked by a deep elf high priest
              (15 damage)
             ... on level 3 of the Elven Halls.
             The game lasted 02:44:36 (47734 turns).

Millea the Tortoise (Gargoyle Fighter)             Turns: 47734, Time: 02:44:37

Health: 0/146      AC: 64    Str: 45    XL:     24   Next: 81%
Magic:  32/32      EV: 26    Int: 28    God:    Cheibriados [*****.]
Gold:   4324       SH: 25    Dex: 26    Spells: 23/23 levels left

rFire    + + .     SeeInvis +   u - +9 eveningstar (protect)
rCold    + + +     Gourm    .   Y - +10 plate armour {ponderous}
rNeg     + . .     Faith    .   k - +2 shield of Resistance {rF+ rC+ MR+}
rPois    ∞         Spirit   .   A - +2 helmet {Int+3}
rElec    +         Reflect  +   g - +2 cloak
rCorr    .         Harm     .   r - +2 pair of gloves
MR       +++..                  R - +2 pair of boots {Fly}
Stlth    ..........             y - +3 amulet of reflection
Regen    0.4/turn               L - ring "Luuhustre" {Ice Str+6}
                                K - ring of Democracy {rF+ rC+ SInv}

@: flying, very slow
A: big wings, talons 2, repulsion field 1, icy blue scales 1, clumsy 1, fire
resistance 1, frail 1, magic resistance 1, mutation resistance 1, negative
energy resistance 1, electricity resistance, unbreathing, petrification
resistance, rot immunity, AC +17
}: 3/15 runes: decaying, silver, gossamer
a: Stop Flying, Bend Time, Temporal Distortion, Slouch, Step From Time, Renounce
Religion


You were on level 3 of the Elven Halls.
You worshipped Cheibriados.
Cheibriados was extremely pleased with you.
You were not hungry.

You visited 7 branches of the dungeon, and saw 39 of its levels.
You also visited: Ice Cave, Wizlab and Desolation.

You collected 6241 gold pieces.
You spent 1917 gold pieces at shops.

Inventory:

Hand Weapons
 u - a +9 eveningstar of protection (weapon)
Armour
 g - a +2 cloak (worn)
 k - the +2 shield of Resistance (worn) {rF+ rC+ MR+}
   (You bought it in a shop on level 1 of the Elven Halls)

   It protects you from fire.
   It protects you from cold.
   It affects your resistance to hostile enchantments.
 r - a +2 pair of gloves (worn)
 A - a +2 helmet of intelligence (worn)
 R - a +2 pair of boots of flying (worn)
 Y - a +10 plate armour of ponderousness (worn)
Jewellery
 c - a +4 ring of intelligence
 i - the amulet "Geblurchi" {Spirit Int+4 Slay+5, unknown}
   (You took it off a deep elf high priest on level 3 of the Elven Halls)

   [amulet of guardian spirit]

   It causes incoming damage to be split between your health and magic.
   It affects your intelligence (+4).
   It affects your accuracy and damage with ranged weapons and melee attacks
   (+5).
 y - a +3 amulet of reflection (around neck)
 K - the ring of Democracy (left hand) {rF+ rC+ SInv}
   (You found it in the Desolation of Salt)

   [ring of see invisible]

   It protects you from fire.
   It protects you from cold.
   It lets you see invisible.
 L - the ring "Luuhustre" (right hand) {Ice Str+6}
   (You found it in the Desolation of Salt)

   [ring of ice]

   It enhances your ice magic.
   It affects your strength (+6).
   It makes you vulnerable to fire.
   It protects you from cold.
Wands
 a - a wand of iceblast (7/15)
Scrolls
 b - a scroll of blinking
 l - 7 scrolls of fog
 s - 3 scrolls of vulnerability
 w - 8 scrolls of fear
 x - 2 scrolls of recharging
 E - 19 scrolls of remove curse
 F - 6 scrolls of magic mapping
 H - 6 scrolls of teleportation
 U - 18 scrolls of identify
Potions
 d - 5 potions of might
 m - 4 potions of magic
 B - 5 potions of cancellation
 C - 5 potions of curing
 J - 3 potions of cure mutation
 M - a potion of agility
 O - 7 potions of brilliance
 S - 2 potions of lignification
 T - 3 potions of resistance
 X - 2 potions of invisibility
Miscellaneous
 e - a crystal ball of energy
 j - 6 phantom mirrors
Comestibles
 f - 19 bread rations
 h - 26 royal jellies
 q - 18 meat rations
 D - 14 fruits


   Skills:
 + Level 20.0 Fighting
 + Level 18.5 Maces & Flails
 + Level 20.2 Armour
 + Level 15.8 Dodging
 + Level 19.8 Shields
 - Level 12.1 Invocations


You had 23 spell levels left.
You didn't know any spells.

Dungeon Overview and Level Annotations

Branches:
Dungeon (15/15)            Temple (0/1) D:5            Lair (6/6) D:8
  Swamp (4/4) Lair:2       Spider (4/4) Lair:3        Slime (0/5) Lair:6
    Orc (2/2) D:11            Elf (3/3) Orc:2        Vaults (5/5) D:13
  Crypt (0/3) Vaults:3     Depths (0/5) D:15

Altars:
Ashenzari
Cheibriados
Dithmenos
Fedhas
Hepliaklqana
Kikubaaqudgha
Okawaru
Qazlal
Uskayaw
Yredelemnul
Zin
Beogh
Jiyva

Shops:
D:4 [*!=*   D:5 =   D:8 %   D:9 (   D:10 !   Orc:2 ?([:[   Elf:1 [   Elf:2 [
Vaults:4 [   Vaults:5 (

Annotations:
Elf:2 3 runed doors


Innate Abilities, Weirdness & Mutations

You are resistant to torment.
Your stone body is resilient. (AC +17)
You are immune to poison.
Your large and strong wings let you fly indefinitely.
You resist negative energy. (rN+)
You are resistant to electric shocks. (rElec)
You can survive without breathing.
You are immune to petrification.
You are immune to rotting.
You have razor-sharp toenails.
You are surrounded by a mild repulsion field. (EV +2)
You are partially covered in icy blue scales. (AC +2)
You are clumsy. (Dex -2)
Your flesh is heat resistant. (rF+)
You are frail. (-10% HP)
You are resistant to hostile enchantments. (MR+)
You are somewhat resistant to further mutation.


Message History

The deep elf annihilator points at you and mumbles some strange words.
The crystal spear reflects off an invisible shield around you!
The crystal spear misses the deep elf annihilator.
The deep elf annihilator gestures at you while chanting.
The crystal spear hits you!
* * * LOW HITPOINT WARNING * * *
You feel better.
The deep elf annihilator seems less brilliant.
The deep elf annihilator is empowered by the deep elf high priest's aura!
The deep elf annihilator gestures at you while chanting.
The poison arrow reflects off an invisible shield around you!
The poison arrow hits the deep elf annihilator.
The deep elf annihilator looks as sick as possible!
You kill the deep elf annihilator!
Cheibriados thoroughly appreciates the change of pace.
The deep elf annihilator casts a spell.
The deep elf annihilator blinks!
The deep elf archer blinks!
The deep elf high priest calls down the wrath of its god upon you.
Something smites you!
You die... ### ..# ## #)#.. ##.#e # $ee

#[ #§# #)###
###@# #$%)##
##.)(#
###%$###$)###
##$)[($##
###.### ###


You could see a deep elf annihilator and 2 deep elf high priests.

Vanquished Creatures
  An ancient lich (Vaults:4)
  Mennas (Vaults:5)
  Sojobo (Vaults:5)
  Xtahua (Vaults:3)
  Nikola (Vaults:3)
  A lich (Vaults:5)
  Rupert (D:12)
  3 tentacled monstrosities (Vaults:5)
  Asterion (Spider:2)
  A deep elf master archer (Elf:3)
  A deep elf blademaster (Elf:3)
  2 titans (Vaults:5)
  A thorn hunter (Swamp:1)
  Gastronok (D:12)
  3 sphinxes
  Roxanne (Swamp:4)
  A shadow dragon (Vaults:5)
  11 tengu reavers
  Kirke (Swamp:4)
  2 fire giants
  3 deep elf sorcerers
  14 vault wardens
  The ghost of shinino the Severer, a journeyman MiBe of Trog (D:13)
  5 ghost moths
  3 imperial myrmidons (Desolation)
  5 emperor scorpions
  6 frost giants
  4 orc warlords
  Aizul (Swamp:1)
  A ghoul (Vaults:4)
  2 very ugly things
  The ghost of fooot the Bewitcher, an adept SpEn of Gozag (Elf:3)
  15 ironheart preservers
  A curse skull (Vaults:3)
  4 deep elf elementalists
  4 large abominations
  4 entropy weavers
  2 halazid warlocks (Desolation)
  10 stone giants
  The ghost of lunkers the Spry, a journeyman SpEE of Vehumet (Orc:2)
  6 deep elf annihilators
  4 deep elf demonologists
  4 spark wasps
  10 purple draconians (WizLab)
  Azrael (D:13)
  A white draconian (IceCv)
  An ettin (shapeshifter) (Vaults:4)
  9 statues (WizLab)
  5 small abominations
  6 deep elf death magi
  9 ettins
  Snorg (D:10)
  3 crystal guardians
  Josephine (D:11)
  5 fire dragons
  6 deep elf high priests
  11 servants of whispers (Desolation)
  6 ogre magi
  Harold (Lair:4)
  5 great orbs of eyes
  41 vault guards
  13 ragged hierophants (Desolation)
  26 hydras
  8 ice dragons
  7 yaktaur captains
  A catoblepas (D:14)
  Erica (D:9)
  3 ghost crabs
  7 centaur warriors
  8 peacekeepers (Desolation)
  9 alligators
  23 two-headed ogres
  12 dancing weapons
  10 death yaks
  5 death knights
  4 deep troll shamans
  5 orc high priests
  Nergalle (D:10)
  12 deep elf knights
  6 spriggans
  2 fire crabs (shapeshifter)
  4 shadow wraiths
  9 skeletal warriors
  A deep troll (shapeshifter) (Vaults:2)
  A spriggan druid (Swamp:4)
  23 deep trolls
  A wizard (Vaults:3)
  2 flayed ghosts
  5 unseen horrors
  11 swamp dragons
  4 lindwurms
  21 ironbrand convokers
  2 necromancers
  7 shambling mangroves
  9 deep elf archers
  A glowing orange brain (Vaults:5)
  17 orc knights
  61 deep elf magi
  34 ugly things
  7 harpies (Vaults:3)
  40 wolf spiders
  4 phantasmal warriors
  2 orc sorcerers
  A manticore (D:13)
  5 cyclopes
  20 orb spiders
  36 slime creatures
  17 elephants
  2 human skeletons (Vaults:2)
  12 black mambas
  A water nymph (shapeshifter) (Elf:1)
  14 vault sentinels
  Psyche (D:11)
  A frost giant skeleton (Vaults:2)
  2 guardian serpents (Desolation)
  6 molten gargoyles
  An ice statue (IceCv)
  5 torpor snails
  4 centaur skeletons
  2 gargoyles
  6 rime drakes
  A komodo dragon (shapeshifter) (Vaults:4)
  30 yaktaurs
  5 freezing wraiths
  18 spiny frogs
  4 kobold demonologists
  A rime drake (shapeshifter) (Vaults:3)
  14 komodo dragons
  12 demonic crawlers
  2 queen bees (shapeshifter)
  6 trolls
  2 tyrant leeches
  33 jumping spiders
  17 polar bears
  3 meliai (Spider:3)
  A troll (shapeshifter) (Vaults:4)
  66 saltlings (Desolation)
  8 bog bodies
  3 blink frogs (Lair:6)
  20 hornets
  A raiju (shapeshifter) (Vaults:4)
  7 dream sheep (Lair:6)
  A meliai zombie (D:12)
  6 hippogriffs
  4 shadows
  A centaur simulacrum (D:14)
  A water elemental (Elf:2)
  84 redbacks
  A vampire (D:14)
  2 hogs
  20 tarantellas
  An air elemental (Elf:2)
  A tarantella (shapeshifter) (Vaults:3)
  6 wyverns
  Grum (D:8)
  7 basilisks
  60 yaks
  11 wraiths
  4 hungry ghosts
  3 fire elementals
  A human (D:12)
  3 steam dragons
  A steam dragon (shapeshifter) (Vaults:5)
  8 vampire mosquitoes
  25 swamp worms
  9 wargs
  A soldier ant (shapeshifter) (D:15)
  2 swamp worms (shapeshifter)
  A soldier ant (D:14)
  10 water moccasins
  8 hell hounds
  A water moccasin (shapeshifter) (Vaults:5)
  2 acid dragons
  12 porcupines
  5 sky beasts
  3 black bears
  14 swamp drakes
  An eye of draining (D:13)
  43 orc warriors
  An eye of draining (shapeshifter) (Vaults:2)
  A phantom (D:11)
  A human zombie (Vaults:2)
  4 ice beasts
  10 centaurs
  37 ogres
  35 wolves
  13 crocodiles
  4 big kobolds
  21 bullfrogs
  An earth elemental (Elf:2)
  A wyvern skeleton (D:13)
  3 scorpions
  A hornet simulacrum (Vaults:1)
  7 killer bees
  6 wights
  6 electric eels
  8 howler monkeys
  A bullfrog zombie (D:11)
  3 crimson imps
  2 quasits
  10 lava snakes
  A centaur zombie (D:10)
  6 hounds
  8 jellies
  27 orc priests
  29 orc wizards
  A bullfrog skeleton (D:9)
  4 iguanas
  2 polar bear simulacra (D:15)
  11 worker ants
  2 yak simulacra (D:15)
  3 wolf simulacra (D:15)
  A hound zombie (D:10)
  A mummy (D:5)
  A worker ant zombie (D:10)
  2 howler monkey skeletons
  18 adders
  6 gnolls
  3 shadow imps
  2 adder skeletons (D:8)
  3 worms
  4 dart slugs
  4 leopard geckos
  127 orcs
  3 bats
  5 giant cockroaches
  8 goblins
  13 hobgoblins
  10 jackals
  22 kobolds
  6 quokkas
  A ball python (D:5)
  10 frilled lizards
  A giant cockroach zombie (D:5)
  A quokka zombie (D:6)
  8 rats
  4 river rat simulacra (D:15)
  4 crawling corpses
1980 creatures vanquished.

Vanquished Creatures (others)
  A deep elf master archer (Elf:3)
  A sphinx (Vaults:3)
  An ironheart preserver (Vaults:5)
  A stone giant (Vaults:5)
  4 yaktaur captains
  An ogre mage (Vaults:4)
  A swamp dragon (Swamp:4)
  3 deep elf archers
  A deep elf mage (WizLab)
  An orb spider (Spider:4)
  A cyclops (Vaults:2)
  20 yaktaurs
  A jumping spider (Spider:1)
  A hornet (Swamp:3)
  A spriggan (Swamp:3)
  A tarantella (Spider:4)
  2 humans (Swamp:4)
  An orc warrior (Orc:2)
  A wolf (shapeshifter) (Vaults:5)
  4 centaurs
  A worker ant (D:5)
  3 orcs
  11 fungi
  13 plants
  4 toadstools (Swamp:1)
80 creatures vanquished.

Grand Total: 2060 creatures vanquished

Notes
Turn   | Place    | Note
-------+----------+-------------------------------------------
     0 | D:1      | Millea the Gargoyle Fighter began the quest for the Orb.
     0 | D:1      | Reached XP level 1. HP: 14/14 MP: 1/1
   212 | D:1      | Reached XP level 2. HP: 15/19 MP: 2/2
  1003 | D:1      | Reached XP level 3. HP: 19/23 MP: 3/3
  1199 | D:2      | Reached skill level 1 in Dodging
  1594 | D:2      | Reached XP level 4. HP: 23/29 MP: 4/4
  1603 | D:2      | Found a snail-covered altar of Cheibriados.
  1604 | D:2      | Found an iron altar of Okawaru.
  1676 | D:2      | Became a worshipper of Cheibriados the Contemplative
  2165 | D:3      | Reached * piety under Cheibriados
  2188 | D:2      | Reached XP level 5. HP: 13/33 MP: 5/5
  2739 | D:3      | Found a shattered altar of Ashenzari.
  2800 | D:3      | Reached ** piety under Cheibriados
  2864 | D:3      | Reached XP level 6. HP: 24/39 MP: 6/6
  3693 | D:4      | Found Feaqoczy's General Store.
  3701 | D:4      | Bought a scroll of identify for 22 gold pieces
  3701 | D:4      | Bought a potion of heal wounds for 55 gold pieces
  3738 | D:4      | Found Saiddipi's Armour Shop.
  3759 | D:4      | Bought a +2 helmet of intelligence for 215 gold pieces
  3773 | D:4      | Found Gokkuat's Distillery.
  3798 | D:4      | Found Cufoaniwn's Jewellery Emporium.
  3847 | D:4      | Found Zyrum's Assorted Antiques.
  3861 | D:4      | Bought a scroll labeled VOAPRUA ISSO for 19 gold pieces
  4176 | D:5      | Entered Level 5 of the Dungeon
  4188 | D:5      | Found Ilopsuffa's Jewellery Boutique.
  4278 | D:5      | Reached XP level 7. HP: 41/44 MP: 7/7
  4439 | D:5      | Found a shadowy altar of Dithmenos.
  4439 | D:5      | Found a basalt altar of Yredelemnul.
  4439 | D:5      | Found a shattered altar of Ashenzari.
  4440 | D:5      | Found a blossoming altar of Fedhas.
  4441 | D:5      | Found a hazy altar of Hepliaklqana.
  4442 | D:5      | Found a hide-covered altar of Uskayaw.
  4458 | D:5      | Reached *** piety under Cheibriados
  4465 | D:5      | Reached skill level 5 in Armour
  4771 | D:5      | Found a staircase to the Ecumenical Temple.
  4855 | D:5      | Found a snail-covered altar of Cheibriados.
  5278 | D:6      | Reached skill level 5 in Fighting
  5278 | D:6      | Reached skill level 5 in Shields
  5422 | D:6      | Reached XP level 8. HP: 46/50 MP: 8/8
  5656 | D:6      | Gained mutation: Your magical capacity is low. (-10% MP) [mutagenic meat]
  5657 | D:6      | Gained mutation: You are clumsy. (Dex -2) [mutagenic meat]
  5658 | D:6      | Gained mutation: You possess an exceptional clarity of mind. [mutagenic meat]
  5735 | D:6      | Reached **** piety under Cheibriados
  5933 | D:7      | Reached skill level 5 in Maces & Flails
  6422 | D:7      | Reached XP level 9. HP: 56/56 MP: 8/8
  6632 | D:8      | Noticed an elephant
  6680 | D:8      | Found a staircase to the Lair.
  6697 | D:8      | Killed an elephant
  6979 | D:8      | Found a glowing silver altar of Zin.
  7108 | D:8      | Reached ***** piety under Cheibriados
  7272 | D:8      | Reached skill level 5 in Dodging
  7353 | D:8      | Reached XP level 10. HP: 56/63 MP: 9/9
  7385 | D:8      | Found Tucvif's Food Emporium.
  7476 | D:9      | Noticed Grum
  7566 | D:8      | Gained mutation: Your flesh is cold resistant. (rC+) [potion of mutation]
  7566 | D:8      | Lost mutation: You possess an exceptional clarity of mind. [potion of mutation]
  7594 | D:8      | Killed Grum
  7956 | D:9      | Found Isiz's Weapon Shoppe.
  7962 | D:9      | Bought a +0 flail of protection for 86 gold pieces
  8067 | D:9      | Noticed Erica
  8082 | D:9      | Killed Erica
  8529 | D:10     | Entered Level 10 of the Dungeon
  8551 | D:10     | Reached ****** piety under Cheibriados
  8683 | D:10     | Noticed an unseen horror
  8696 | D:10     | Killed an unseen horror
  8765 | D:10     | Found Buth's Distillery.
  8769 | D:10     | Bought 2 potions of curing for 90 gold pieces
  8769 | D:10     | Bought a potion of agility for 60 gold pieces
  8785 | D:10     | Noticed Snorg
  8993 | D:10     | Reached XP level 11. HP: 69/69 MP: 9/9
  9072 | D:10     | Got a glittering bone ring
  9096 | D:10     | Noticed a two-headed ogre
  9106 | D:10     | Killed a two-headed ogre
  9303 | D:10     | Killed Snorg
  9329 | D:10     | Noticed a two-headed ogre
  9344 | D:10     | Killed a two-headed ogre
  9566 | D:11     | Noticed Psyche
  9571 | D:11     | Killed Psyche
  9614 | D:11     | Found a staircase to the Orcish Mines.
  9736 | D:11     | Identified the ring "Vosycuyn" {Str+4 Stlth-} (You found it on level 10 of the Dungeon)
  9788 | Orc:1    | Entered Level 1 of the Orcish Mines
 10639 | D:11     | Noticed Josephine
 10652 | D:11     | Killed Josephine
 10680 | D:11     | Gained mutation: Your body sometimes deteriorates upon taking damage. [potion of mutation]
 10680 | D:11     | Gained mutation: You have a pair of small horns on your head. [potion of mutation]
 10789 | D:11     | Noticed a cyan ugly thing
 10797 | D:11     | Noticed a soul eater
 10798 | D:11     | Noticed Nergalle
 10832 | D:11     | Noticed a spectral orc warlord
 10840 | D:10     | Reached skill level 10 in Fighting
 10840 | D:10     | Reached XP level 12. HP: 47/77 MP: 10/10
 11013 | Lair:1   | Entered Level 1 of the Lair of Beasts
 11356 | Lair:1   | Reached skill level 10 in Shields
 12039 | Lair:1   | Reached skill level 10 in Armour
 12448 | Lair:2   | Found a staircase to the Swamp.
 13308 | Lair:3   | Found a hole to the Spider Nest.
 14032 | Lair:4   | Reached XP level 13. HP: 84/84 MP: 11/11
 14084 | Lair:4   | Noticed Harold
 14113 | Lair:4   | Killed Harold
 14289 | Lair:4   | Reached skill level 10 in Maces & Flails
 15669 | Lair:6   | Entered Level 6 of the Lair of Beasts
 15864 | Lair:6   | Found a frozen archway.
 15883 | IceCv    | Entered an ice cave
 16099 | IceCv    | Gained mutation: Your large and strong wings let you fly indefinitely. [Gargoyle growth]
 16099 | IceCv    | Reached XP level 14. HP: 92/92 MP: 12/12
 16581 | IceCv    | Noticed a white draconian
 16591 | IceCv    | Killed a white draconian
 17107 | Lair:6   | Reached skill level 1 in Invocations
 17326 | Lair:6   | Found a viscous altar of Jiyva.
 17327 | Lair:6   | Found a staircase to the Slime Pits.
 17338 | Lair:6   | Reached skill level 5 in Invocations
 17962 | Lair:6   | Identified a scroll of acquirement
 18181 | Lair:6   | Found a large runed door.
 18182 | Lair:6   | Found a large runed door.
 18228 | Lair:6   | HP: 4/138 [molten gargoyle/bolt of magma (21)]
 18912 | Lair:6   | Reached XP level 15. HP: 91/97 MP: 18/19
 19059 | Lair:6   | Lost mutation: Your flesh is cold resistant. (rC+) [potion of cure mutation]
 19059 | Lair:6   | Lost mutation: Your magical capacity is low. (-10% MP) [potion of cure mutation]
 19059 | Lair:6   | Lost mutation: Your body sometimes deteriorates upon taking damage. [potion of cure mutation]
 19059 | Lair:6   | Lost mutation: You have a pair of small horns on your head. [potion of cure mutation]
 19226 | Lair:6   | Reached skill level 10 in Invocations
 19412 | D:10     | Killed Nergalle
 19685 | D:11     | Gained mutation: You are surrounded by a mild repulsion field. (EV +2) [mutagenic meat]
 19686 | D:11     | Gained mutation: You are frail. (-10% HP) [mutagenic meat]
 19687 | D:11     | Gained mutation: You are very frail. (-20% HP) [mutagenic meat]
 19689 | D:11     | Gained mutation: Your flesh is heat resistant. (rF+) [mutagenic meat]
 19690 | D:11     | Gained mutation: You are resistant to hostile enchantments. (MR+) [mutagenic meat]
 20042 | D:11     | Gained mutation: You have a pair of small horns on your head. [mutagenic meat]
 20044 | D:11     | Gained mutation: Your muscles are strong. (Str +2) [mutagenic meat]
 20256 | Orc:2    | Entered Level 2 of the Orcish Mines
 20275 | Orc:2    | Found a roughly hewn altar of Beogh.
 20306 | Orc:2    | Found a staircase to the Elven Halls.
 20365 | Orc:2    | Noticed lunkers's ghost (journeyman SpEE)
 20395 | Orc:2    | Killed lunkers's ghost
 20423 | Orc:2    | Noticed an orc warlord
 20441 | Orc:2    | Killed an orc warlord
 20465 | Orc:2    | Found Ypedir's Antique Armour Shoppe.
 20473 | Orc:2    | Found a roughly hewn altar of Beogh.
 20475 | Orc:2    | Found Faatu's Antique Weapon Emporium.
 20635 | Orc:2    | Found a roughly hewn altar of Beogh.
 20696 | Orc:2    | Found a roughly hewn altar of Beogh.
 20735 | Orc:2    | Found Qeusor's Book Emporium.
 20779 | Orc:2    | Found a roughly hewn altar of Beogh.
 20889 | Orc:2    | Found a roughly hewn altar of Beogh.
 20920 | Orc:2    | Found a roughly hewn altar of Beogh.
 21030 | Orc:2    | Found Yshroced's Magic Scroll Shop.
 21218 | Orc:2    | Bought a scroll of enchant armour for 127 gold pieces
 21218 | Orc:2    | Bought a scroll of enchant weapon for 127 gold pieces
 21446 | Orc:2    | Found a roughly hewn altar of Beogh.
 21475 | Orc:2    | Found Gycacias's Antique Armour Shoppe.
 21485 | Orc:2    | Bought a pair of runed gloves for 336 gold pieces
 21653 | D:12     | Noticed Rupert
 21655 | D:12     | Paralysed by Rupert for 7 turns
 21668 | D:12     | Killed Rupert
 21888 | D:12     | Noticed Gastronok
 21900 | D:12     | Killed Gastronok
 22509 | D:13     | Found a gate to the Vaults.
 22536 | D:13     | Reached skill level 10 in Dodging
 22547 | D:13     | Reached XP level 16. HP: 56/83 MP: 24/24
 22666 | D:13     | Found a stormy altar of Qazlal.
 22966 | D:13     | Noticed shinino's ghost (journeyman MiBe)
 22970 | D:13     | Noticed Azrael
 23004 | D:13     | HP: 4/83 [shinino's ghost (3)]
 23241 | D:13     | Killed shinino's ghost
 23447 | D:13     | Killed Azrael
 23982 | D:14     | Found a shattered altar of Ashenzari.
 24640 | D:15     | Entered Level 15 of the Dungeon
 24908 | D:15     | Found a staircase to the Depths.
 24997 | D:15     | Gained mutation: You are partially covered in icy blue scales. (AC +2) [mutagenic meat]
 24999 | D:15     | Lost mutation: You are very frail. (-20% HP) [mutagenic meat]
 25000 | D:15     | Lost mutation: You have a pair of small horns on your head. [mutagenic meat]
 25002 | D:15     | Gained mutation: You have sharp toenails. [mutagenic meat]
 25003 | D:15     | Gained mutation: You are somewhat resistant to further mutation. [mutagenic meat]
 25099 | D:15     | Lost mutation: You are frail. (-10% HP) [mutagenic meat]
 25106 | D:15     | Gained mutation: You have razor-sharp toenails. [mutagenic meat]
 25863 | Swamp:1  | Entered Level 1 of the Swamp
 25917 | Swamp:1  | Reached XP level 17. HP: 111/111 MP: 26/26
 26050 | Swamp:1  | Noticed Aizul
 26061 | Swamp:1  | Killed Aizul
 26085 | Swamp:1  | Lost mutation: You are clumsy. (Dex -2) [mutagenic meat]
 28215 | Swamp:4  | Entered Level 4 of the Swamp
 28231 | Swamp:4  | Noticed Roxanne
 28246 | Swamp:4  | Killed Roxanne
 28253 | Swamp:4  | Identified Roxanne's Compendium of the Eleven Demons (You took it off Roxanne on level 4 of the Swamp)
 28374 | Swamp:4  | Noticed Kirke
 28404 | Swamp:4  | Killed Kirke
 28450 | Swamp:4  | Reached skill level 15 in Fighting
 28488 | Swamp:4  | Reached XP level 18. HP: 47/119 MP: 21/27
 28912 | Swamp:4  | Gained mutation: You have supernaturally acute eyesight. (SInv) [potion of mutation]
 28953 | Swamp:4  | Got a decaying rune of Zot
 29419 | Spider:1 | Entered Level 1 of the Spider Nest
 29620 | Spider:1 | Reached skill level 15 in Armour
 29959 | Spider:1 | Reached skill level 15 in Shields
 30485 | Spider:2 | Noticed Asterion
 30495 | Spider:2 | Killed Asterion
 30502 | Spider:2 | Lost mutation: You are resistant to hostile enchantments. (MR+) [mutagenic meat]
 30504 | Spider:2 | Lost mutation: You have razor-sharp toenails. [mutagenic meat]
 30505 | Spider:2 | Gained mutation: You are clumsy. (Dex -2) [mutagenic meat]
 32054 | Spider:4 | Entered Level 4 of the Spider Nest
 32315 | Spider:4 | Reached XP level 19. HP: 102/125 MP: 5/28
 32569 | Spider:4 | Got a gossamer rune of Zot
 33476 | Vaults:1 | Entered Level 1 of the Vaults
 34073 | Vaults:1 | Found an ancient bone altar of Kikubaaqudgha.
 34534 | Vaults:2 | Found a magical portal.
 34543 | WizLab   | Entered Iskenderun's Mystic Tower
 34708 | WizLab   | Reached skill level 15 in Maces & Flails
 36041 | WizLab   | Reached XP level 20. HP: 104/132 MP: 29/29
 36055 | WizLab   | Identified Iskenderun's Almanac of Battle Magic
 36055 | WizLab   | Identified Iskenderun's Papyrus of Arcane Weapons
 36523 | Vaults:2 | Gained mutation: You are resistant to hostile enchantments. (MR+) [mutagenic meat]
 36524 | Vaults:2 | Lost mutation: Your muscles are strong. (Str +2) [mutagenic meat]
 37541 | Vaults:3 | Noticed Xtahua
 37550 | Vaults:3 | Killed Xtahua
 37947 | Vaults:3 | Noticed Nikola
 37962 | Vaults:3 | Killed Nikola
 38409 | Vaults:3 | Found a staircase to the Crypt.
 38850 | Vaults:3 | Reached XP level 21. HP: 139/139 MP: 30/30
 39937 | Vaults:4 | Gained mutation: You have razor-sharp toenails. [mutagenic meat]
 39938 | Vaults:4 | Lost mutation: You have supernaturally acute eyesight. (SInv) [mutagenic meat]
 39961 | Vaults:4 | Found Veffa's Armour Emporium.
 40494 | Vaults:4 | Paralysed by a great orb of eyes for 7 turns
 40803 | Vaults:5 | Entered Level 5 of the Vaults
 40803 | Vaults:5 | Noticed Mennas
 40808 | Vaults:5 | Reached XP level 22. HP: 147/147 MP: 20/31
 40823 | Vaults:5 | Killed Mennas
 40903 | Vaults:5 | Noticed an ancient lich
 40915 | Vaults:4 | HP: 7/148 [acid (8)]
 40920 | Vaults:4 | Killed an ancient lich
 41799 | Vaults:4 | Reached XP level 23. HP: 150/153 MP: 32/32
 42466 | Vaults:5 | Noticed Sojobo
 42483 | Vaults:5 | Reached skill level 15 in Dodging
 42484 | Vaults:5 | Killed Sojobo
 42526 | Vaults:5 | Got a glittering ivory ring
 42534 | Vaults:5 | Identified the cursed ring "Duf Byex" {rC+ Str-3 Stlth+} (You took it off a fire giant on level 5 of the Vaults)
 42557 | Vaults:5 | Got a warped copper ring
 42788 | Vaults:5 | Found Curphok's Weapon Shoppe.
 43397 | Vaults:5 | Got a silver rune of Zot
 43619 | Elf:1    | Entered Level 1 of the Elven Halls
 43822 | Lair:2   | Identified the ring of the Middle {rC- rN+ Int+4 SInv} (You took it off a tengu reaver on level 5 of the Vaults)
 44100 | Elf:1    | Identified the Guide on Battle Magic
 44154 | Elf:1    | Gained mutation: You are frail. (-10% HP) [mutagenic meat]
 44331 | Elf:1    | Found Riymauw's Armour Shop.
 44368 | Elf:1    | Bought the +2 shield of Resistance {rF+ rC+ MR+} for 780 gold pieces
 44895 | Elf:2    | Found a ruined gateway.
 44902 | Elf:2    | Found Fipeliq's Armour Boutique.
 45026 | Desolati | Entered the Desolation of Salt
 45114 | Desolati | Got a pair of transparent gloves
 45115 | Desolati | Identified Tiudote's Catalogue of the Hurtful Oath
 45119 | Desolati | Identified the Handbook of Combat Magic
 45131 | Desolati | Identified the +0 pair of gloves "Zoyntati" {rElec} (You found it in the Desolation of Salt)
 45156 | Desolati | Got a heavily runed lapis lazuli ring
 45159 | Desolati | Got a glittering gossamer ring
 45162 | Desolati | Identified the ring of Democracy {rF+ rC+ SInv} (You found it in the Desolation of Salt)
 45164 | Desolati | Identified the ring "Luuhustre" {Ice Str+6} (You found it in the Desolation of Salt)
 45464 | Desolati | Reached XP level 24. HP: 136/144 MP: 32/32
 45753 | Desolati | Identified the Disquisition on Dusty Summoning
 45790 | Desolati | Got a pitted scale mail
 45801 | Desolati | Identified the +1 scale mail of the Thinker {rN+++} (You found it in the Desolation of Salt)
 46045 | Desolati | Got a flickering glass ring
 46052 | Desolati | Identified the ring "Xikyawna" {rElec Str+4} (You took it off an imperial myrmidon in the Desolation of Salt)
 46736 | Elf:2    | Found a runed gate.
 46736 | Elf:2    | Found a runed gate.
 46737 | Elf:2    | Found a runed gate.
 47021 | Elf:3    | Entered Level 3 of the Elven Halls
 47449 | Elf:3    | Noticed fooot's ghost (adept SpEn)
 47454 | Elf:3    | Killed fooot's ghost
 47651 | Elf:3    | Got a transparent bone amulet
 47733 | Elf:3    | HP: 7/146 [deep elf annihilator/crystal spear (26)]
 47734 | Elf:3    | Killed from afar by a deep elf high priest

Vault maps used:
D:1:      dpeg_arrival_circle_labyrinth_c
D:2:      cheibriados_altar_1, okawaru_trees_2
D:3:      grunt_ministairs_12, cheibrodos_ashenzari_chains
D:4:      serial_shops, shop_coins, nicolae_shop_statue_plus,
          nicolae_shop_overgrown_old_shop, nicolae_shop_statue_plus, shop,
          glass_columns_b
D:5:      grunt_temple_overflow_open, lemuel_temple_firewalk_b, first_bread,
          serial_shops, shop, chei_slow_surprise
D:6:      st_stairs_13
D:8:      david_lair_generic, serial_shops, kennysheep_mini, basic_altar
D:9:      serial_shops, shop, uniq_grum, uniq_erica
D:10:     serial_shops, shop, kennysheep_kite_vault, uniq_snorg
D:11:     orc_0_dummy, uniq_nergalle, uniq_josephine, uniq_psyche
D:12:     kennysheep_ambush_hall, grunt_livestock, uniq_rupert, uniq_gastronok
D:13:     erik_vaults_2, grunt_qazlal_clouds, uniq_azrael
D:14:     nrook_mini_backslash, basic_altar
D:15:     grunt_enter_depths_snipers, roderic_lattice_octagonal_star,
          eino_house_with_fridge
Lair:1:   serial_bayou_shore_a
Lair:2:   minmay_swamp_entry_worms, beast_lair_carwin_11, serial_bayou_shore_b
Lair:3:   spider_nest_entry_a
Lair:4:   cheibrodos_magma_flow, uniq_harold
Lair:5:   minmay_holes, beast_lair_carwin_2
Lair:6:   cheibrodos_lair_end_hotspot, slime_altar_1, portal_ice_cave_rime,
          serial_bayou_shore_b
Swamp:1:  cheibrodos_swamp_tower_of_moss, evilmike_swamp_ruin_house_4,
          swamp_pool1, uniq_aizul
Swamp:2:  serial_swamp_ruin, hangedman_swamp_ruin_hall,
          evilmike_swamp_ruin_rubble_1, evilmike_swamp_ruin_house_2
Swamp:3:  hangedman_swamp_ruin_wall, infiniplex_staircase_pool
Swamp:4:  swamp_alternative, swamp_pool3, uniq_kirke, uniq_roxanne
Spider:1: spiders_nest_hornet_nest
Spider:2: uniq_asterion
Spider:4: spider_rune_water, uniq_jorgrun
Orc:1:    uniq_urug
Orc:2:    grunt_orc_community_town_hall, grunt_orc_community_big_house_1,
          grunt_orc_community_big_house_1, grunt_orc_community_house_1,
          grunt_orc_community_house_2, grunt_orc_community_house_2,
          grunt_orc_community_house_3, grunt_orc_community_house_2,
          serial_shops, shop_coins, kennysheep_orc_chapel
Elf:1:    serial_shops, nicolae_shop_statue_plus, minmay_elf_annihilation
Elf:2:    portal_desolation_entry_ruin, serial_shops, shop, uniq_louise
Elf:3:    minmay_elf_hall_hex, special_room
Vaults:1: vaults_mumra_chevron, v_misc_2, ontoclasm_vaults_ring_square,
          hangedman_vaults_cutoff, grunt_vaults_hallway_long,
          nicolae_vaults_little_squares_5, basic_altar
Vaults:2: st_squares, v_misc_24, v_misc_9, vaults_mumra_hexcomb,
          nicolae_vaults_ninety_degrees, nicolae_vaults_theta,
          nicolae_vaults_network_s, ontoclasm_vaults_spin,
          nicolae_vaults_ring_of_whatevers, nicolae_vaults_diagonal_hallway_8,
          v_misc_30, vaults_dpeg_hooks, vaults_dpeg_cross, mu_enter_wizlab_3
Vaults:3: vaults_dpeg_spiral, nicolae_vaults_diagonal_hallway_8,
          minmay_crypt_entry_simple_corners, vaults_room_corners, uniq_nikola,
          uniq_xtahua
Vaults:4: hangedman_vaults_capsules, v_misc_18, hangedman_vaults_variations,
          nicolae_vaults_what_the_h, v_rooms_1, v_misc_33, v_misc_15,
          serial_shops, nicolae_shop_stone
Vaults:5: uniq_mennas, uniq_sojobo
IceCv:    ice_cave_caverns_01
WizLab:   wizlab_iskenderun

Skill      XL: |  1  2  3  4  5  6  7  8  9 10 11 12 13 14 15 16 17 18 19 20 21 22 23 24 |
---------------+-------------------------------------------------------------------------+-----
Dodging        | 1 2 3 4 5 6 7 8 9 10 11 12 13 14 15 | 15.8
Fighting       | 4 5 6 7 8 10 11 12 13 14 15 16 17 18 19 20 | 20.0
Shields        | 4 5 6 7 8 9 11 12 13 14 15 16 17 18 19 | 19.8
Maces & Flails | 3 4 5 6 7 8 9 10 11 12 13 14 15 16 17 18 | 18.5
Armour         | 4 5 6 7 8 9 10 12 13 14 15 16 17 18 19 20 | 20.2
Invocations    | 9 11 12 | 12.1

Action                   |  1- 3 |  4- 6 |  7- 9 | 10-12 | 13-15 | 16-18 | 19-21 | 22-24 || total
-------------------------+-------+-------+-------+-------+-------+-------+-------+-------++-------
Melee: Flail             |   157 |   315 |   370 |   693 |   632 |       |       |       ||  2167
       Headbutt          |       |       |       |    98 |   392 |   104 |       |       ||   594
       Eveningstar       |       |       |       |       |   555 |  1411 |  1401 |  1187 ||  4554
Invok: Slouch            |       |       |       |       |     2 |    17 |    17 |    20 ||    56
 Abil: Fly               |       |       |       |       |     3 |       |       |       ||     3
       Stop Flying       |       |       |       |       |     2 |       |       |       ||     2
  Use: Scroll            |       |     3 |       |    34 |    14 |     8 |     2 |     2 ||    63
       Potion            |       |       |     1 |     7 |    11 |     7 |     5 |     7 ||    38
 Stab: Petrified         |       |       |       |       |       |     2 |       |       ||     2
       Confused          |       |       |       |       |       |     2 |       |       ||     2
  Eat: Chunk             |     2 |     6 |    10 |    14 |    28 |    60 |    31 |    22 ||   173
       Meat ration       |       |       |       |       |       |     1 |       |       ||     1
       Bread ration      |       |       |       |       |       |       |       |     1 ||     1
Armor: Scale mail        |    81 |   165 |   134 |       |       |       |       |       ||   380
       Chain mail        |       |       |    12 |       |       |       |       |       ||    12
       Plate armour      |       |       |     6 |   336 |   514 |   772 |   544 |   472 ||  2644
       Skin              |       |       |       |       |     8 |       |       |       ||     8
Dodge: Dodged            |    32 |   105 |   129 |   355 |   722 |  1151 |  1004 |   842 ||  4340
Block: Shield            |    75 |   222 |   334 |   817 |  1453 |  1986 |  1865 |  1500 ||  8252
       Reflection        |       |       |     4 |    29 |    42 |    25 |   119 |    95 ||   314
